 Dungeon Crawl Stone Soup version 0.28.0-47-ge53b351184 (webtiles) character file.

Game seed: 1331418105671083473

196 acdeimund the Poker (level 5, -4/41 HPs)
             Began as a Merfolk Gladiator on May 2, 2022.
             Slain by a hornet (10 damage)
             ... on level 4 of the Dungeon.
             The game lasted 00:16:18 (3950 turns).

acdeimund the Poker (Merfolk Gladiator)             Turns: 3950, Time: 00:16:19

Health: -4/41      AC:  8    Str: 16    XL:     5   Next: 74%
Magic:  5/5        EV: 14    Int:  8    God:
Gold:   131        SH:  0    Dex: 15    Spells: 4/4 levels left

rFire   . . .      SeeInvis .   a - +0 trident
rCold   . . .      Faith    .   (no shield)
rNeg    . . .      Spirit   .   b - +1 leather armour
rPois   .          Reflect  .   c - +1 helmet
rElec   .          Harm     .   h - +1 cloak
rCorr   .          Rampage  .   (no gloves)
Will    .....                   (no boots)
Stlth   +.........              (no amulet)
HPRegen 0.13/turn               (no ring)
MPRegen 0.09/turn               (no ring)

@: flying, slowed, very slow
A: (nimble swimmer 2), mertail
a: no special abilities


You were on level 4 of the Dungeon.
You visited 1 branch of the dungeon, and saw 4 of its levels.

You collected 131 gold pieces.

Inventory:

Hand Weapons
 a - a +0 trident (weapon)
 l - a +0 short sword
 m - a +0 short sword
Missiles
 d - 2 throwing nets (quivered)
 k - 122 stones
 o - a boomerang
Armour
 b - a +1 leather armour (worn)
 c - a +1 helmet (worn)
 h - a +1 cloak (worn)
Scrolls
 n - a scroll of acquirement


   Skills:
 + Level 3.6 Fighting
 + Level 5.9 Polearms
 + Level 3.3 Throwing
 + Level 5.3 Dodging


You had 4 spell levels left.
You didn't know any spells.
Your spell library contained the following spells:

 Spells                   Type           Power      Damage    Failure   Level
 Static Discharge         Conj/Air       0%         N/A       63%         2
 Frozen Ramparts          Ice            0%         1d2       85%         3
 Summon Guardian Golem    Hex/Summ       0%         N/A       85%         3
 Ice Form                 Ice/Tmut       0%         N/A       99%         4
 Summon Ice Beast         Ice/Summ       0%         N/A       99%         4
 Lightning Bolt           Conj/Air       0%         1d11      100%        5
 Orb of Destruction       Conj           0%         9d5       100%        7
 Spellforged Servitor     Conj/Summ      0%         N/A       100%        7
 Maxwell's Capacitive Co  Air            0%         ∞         100%        8


Dungeon Overview and Level Annotations

Branches:
Dungeon (4/15)
 Temple: D:4-7

Altars:
Fedhas

Shops:
D:2 =

Annotations:
D:4 Dowan, Duvessa


Innate Abilities, Weirdness & Mutations

((You are very nimble when in or above water. (Stealth+, EV+, Speed+++)))
Your lower body shifts to a powerful aquatic tail in water.


Message History

You barely miss the hornet.
The hornet is moderately wounded.
You feel yourself speed up. The hornet closely misses you.
The hornet stings you but does no damage.
You puncture the hornet!
The hornet is heavily wounded.
The hornet stings you!
You suddenly lose the ability to move!
You can move again.
The hornet barely misses you.
Okay, then.
This is a scroll of acquirement!
You see here a manual of Polearms.
Something appears at your feet!
The hornet stings you but does no damage.
The hornet closely misses you.
You hit the hornet.
The hornet is heavily wounded.
The hornet stings you.
* * * LOW HITPOINT WARNING * * *
You are lethally poisoned!
You suddenly lose the ability to move!
You can move again.
You feel better. The hornet stings you!
You feel yourself slow down.
The hornet stings you but does no damage.
You feel very buoyant.
You fly up into the air.
You feel yourself speed up. The hornet stings you.
* * * LOW HITPOINT WARNING * * *
You are lethally poisoned!
You feel yourself slow down. The hornet barely misses you.
You feel better.
You feel yourself speed up. The hornet stings you!
* * * LOW HITPOINT WARNING * * *
You feel yourself slow down. The hornet stings you.
* * * LOW HITPOINT WARNING * * *
You feel as though you will be slow longer.
The hornet closely misses you. The hornet stings you!
You die...

..........# ## #.#
..........# ...#.#
.########## ##.##.# .#
#.#...#.# )#
#.#...#.####### )#
#.#...........#########
.########
#.#..##.#.[.[.÷.......#
.........
#.#.....#(###.#######.#
.........##.#..y@...#
#.##<...#.#
...............######
#.))....#g#
.......[...........!#
#########.#
...............####.#
#g# .........#######
#.# #.# ..####### #.#
#g# ..# .y. #.# ..# ...
(.# ....


You could see a hornet.

Vanquished Creatures
  4 gnolls
  8 adders
  2 worms (D:2)
  A dart slug (D:1)
  4 orcs (D:4)
  6 ball pythons
  A bat skeleton (D:2)
  8 endoplasms
  4 giant cockroaches
  3 hobgoblins
  5 jackals (D:3)
  4 quokkas
  3 bats
  6 frilled lizards
  4 goblins
  6 kobolds
  4 rats
73 creatures vanquished.

Vanquished Creatures (others)
  A plant (D:3)
  A withered plant (D:2)
2 creatures vanquished.

Grand Total: 75 creatures vanquished

Notes
Turn   | Place    | Note
-------+----------+-------------------------------------------
     0 | D:1      | acdeimund the Merfolk Gladiator began the quest for the
                  | Orb.
     0 | D:1      | Reached XP level 1. HP: 16/16 MP: 1/1
   344 | D:1      | Reached XP level 2. HP: 16/23 MP: 2/2
  1050 | D:2      | Reached XP level 3. HP: 28/28 MP: 3/3
  1093 | D:2      | Reached skill level 5 in Polearms
  1262 | D:2      | Found Liujiaj's Jewellery Emporium.
  1274 | D:2      | Found a faded altar of an unknown god.
  1333 | D:2      | Reached XP level 4. HP: 33/34 MP: 4/4
  2440 | D:3      | Reached skill level 5 in Dodging
  2529 | D:3      | Found a blossoming altar of Fedhas.
  2598 | D:3      | Reached XP level 5. HP: 41/41 MP: 5/5
  2971 | D:4      | Noticed Duvessa
  2972 | D:4      | Noticed Dowan
  3898 | D:4      | Noticed a hornet
  3942 | D:4      | Paralysed by a hornet for 1 turns
  3945 | D:4      | Identified 2 scrolls of acquirement
  3945 | D:4      | Acquired a manual of Polearms
  3946 | D:4      | Paralysed by a hornet for 1 turns
  3950 | D:4      | Slain by a hornet

Illustrated notes

Levels and vault maps discovered:
D:1:      kennysheep_arrival_seaside, layout_basic, minivault_14,
          minmay_tiny_reverse_x
D:2:      layout_loops_corners, serial_shops, shop,
          ebering_ecumenical_altar_petrified, minmay_surrounded
D:3:      layout_loops_cross, fedhas_altar_1
D:4:      layout_basic, uniq_duvessa

Skill      XL: |  1  2  3  4 |
---------------+-------------+-----
Polearms       | 5 |  5.9
Fighting       | 3 |  3.6
Dodging        | 5 |  5.3
Throwing       | 3 |  3.3

Action                   |  1- 3 |  4- 6 || total
-------------------------+-------+-------++-------
Melee: Trident           |    79 |   130 ||   209
       Punch             |     2 |     1 ||     3
       Tailslap          |     1 |       ||     1
Throw: Stone             |       |    49 ||    49
       Throwing net      |       |     2 ||     2
  Use: Scroll            |     2 |     4 ||     6
       Potion            |       |     3 ||     3
 Stab: Sleeping          |       |     1 ||     1
Armor: Leather armour    |    28 |    36 ||    64
Dodge: Dodged            |    60 |   102 ||   162
